 Dungeon Crawl Stone Soup version 0.29.1-1-gd02db6906a (webtiles) character file.

Game seed: 12621736712999400560

149 Descartes the Ducker (level 5, 0/23 HPs)
             Began as a Felid Transmuter on Oct 6, 2022.
             Killed by nerve-wracking pain
             ... invoked by a shadow imp
              (6 damage)
             ... on level 4 of the Dungeon.
             The game lasted 00:09:45 (6807 turns).

Descartes the Ducker (Felid Transmuter)             Turns: 6807, Time: 00:09:46

Health: 0/23       AC:  2    Str:  8    XL:     5   Next: 9%
Magic:  10/10      EV: 19    Int: 15    God:
Gold:   174        SH:  0    Dex: 22    Spells: 3/9 levels left
                                        Lives:  0   Deaths: 1

rFire   . . .      SeeInvis +     - Unarmed
rCold   . . .      Faith    .   (shield unavailable)
rNeg    . . .      Spirit   .   (body armour unavailable)
rPois   .          Reflect  .   (helmet unavailable)
rElec   .          Harm     .   (cloak unavailable)
rCorr   .          Rampage  .   (gloves unavailable)
Will    .....                   (boots unavailable)
Stlth   +++.......              (no amulet)
HPRegen 0.07/turn               g - +6 ring of dexterity
MPRegen 0.12/turn               (no ring)

@: appendages (expiring), quick
A: horns 2, very small, claws 1, fangs 3, see invisible, speed 1, shaggy fur 2,
stealthy paws, no weapons or thrown items, no armour, multi-lived
a: End Transformation


You were on level 4 of the Dungeon.
You had temporarily grown beastly horns.
You visited 1 branch of the dungeon, and saw 5 of its levels.

You collected 174 gold pieces.

Inventory:

Jewellery
 g - a +6 ring of dexterity (left paw)
Scrolls
 c - 2 scrolls of enchant weapon {unknown}
 f - a scroll of noise {unknown}
 j - a scroll of amnesia {unknown}
 k - 3 scrolls of teleportation {unknown}
 l - a scroll of magic mapping {unknown}
 m - a scroll of identify {unknown}
Potions
 a - a potion of lignification
 b - a potion of mutation {unknown}
 d - a potion of curing {unknown}
 e - a potion of heal wounds {unknown}
 h - a potion of ambrosia {unknown}
 i - 3 potions of brilliance


   Skills:
 + Level 2.5 Fighting
 + Level 4.0 Dodging
 + Level 3.2 Stealth
 + Level 3.7 Unarmed Combat
 + Level 2.8 Spellcasting
 + Level 2.1 Translocations
 + Level 3.3 Transmutations


You had 3 spell levels left.
You knew the following spells:

 Your Spells              Type           Power      Damage    Failure   Level
a - Beastly Appendage     Tmut           24%        N/A       5%          1
b - Wereblood             Tmut           12%        N/A       8%          2
c - Gell's Gravitas       Tloc           8%         N/A       26%         3

Your spell library contained the following spells:

 Spells                   Type           Power      Damage    Failure   Level
 Apportation              Tloc           16%        N/A       9%          1
 Necrotise                Necr           8%         1d4       21%         1
 Summon Small Mammal      Summ           8%         N/A       21%         1
 Lesser Beckoning         Tloc           8%         N/A       26%         3
 Teleport Other           Tloc           8%         N/A       26%         3
 Sublimation of Blood     Necr           2%         N/A       30%         2
 Spider Form              Tmut/Pois      7%         N/A       30%         3
 Summon Guardian Golem    Hex/Summ       2%         N/A       52%         3
 Ice Form                 Ice/Tmut       7%         N/A       71%         4
 Petrify                  Tmut/Erth      7%         N/A       71%         4
 Corpse Rot               Necr/Pois/Air  2%         N/A       90%         4
 Dispel Undead            Necr           2%         3d7       90%         4
 Irradiate                Conj/Tmut      3%         3d12      96%         5
 Death Channel            Necr           1%         N/A       100%        6
 Orb of Destruction       Conj           1%         9d5       100%        7
 Spellforged Servitor     Conj/Summ      1%         N/A       100%        7


Dungeon Overview and Level Annotations

Branches:
Dungeon (5/15)
 Temple: D:4-7

Altars:
Cheibriados
Gozag
Qazlal
Wu Jian


Innate Abilities, Weirdness & Mutations

You have temporarily grown beastly horns.
You have sharp claws.
You have razor-sharp teeth.
You have supernaturally acute eyesight. (SInv)
You cover ground quickly. (Speed+)
You are covered in thick fur. (AC +2)
Your paws help you pounce on unaware monsters.
You are incapable of wielding weapons or throwing items.
You cannot wear armour.
You gain extra lives every three experience levels.


Message History

There is an open door here.
Your transformation is almost over.
Your horns disappear.
HP restored.
Done exploring.
There is a stone staircase leading down here.
You see here the felid corpse of Descartes.
Casting: Beastly Appendage (safe; 5% risk of failure)
Confirm with . or Enter, or press ? or * to list all spells.
You grow a pair of large bovine horns.
You climb downwards.
The shadow imp gestures at you. Pain shoots through your body!
There is a stone staircase leading up here.
Your transformation is almost over.
The shadow imp hits you. The shadow imp closely misses you.
You climb upwards.
There is a stone staircase leading down here.
You see here the felid corpse of Descartes.
You barely miss the shadow imp. Your headbutt misses the shadow imp.
The shadow imp misses you. The shadow imp barely misses you.
You scratch the shadow imp. You headbutt the shadow imp.
The shadow imp is moderately wounded.
The shadow imp closely misses you. The shadow imp misses you.
You scratch the shadow imp.
The shadow imp is moderately wounded.
The shadow imp barely misses you. The shadow imp closely misses you.
You scratch the shadow imp but do no damage.
The shadow imp is moderately wounded.
The shadow imp hits you. x2
You scratch the shadow imp. Your headbutt misses the shadow imp.
The shadow imp is heavily wounded.
The shadow imp completely misses you. The shadow imp hits you.
* * * LOW HITPOINT WARNING * * *
You closely miss the shadow imp.
The shadow imp is heavily wounded.
The shadow imp closely misses you. The shadow imp gestures at you.
Pain shoots through your body!
You die...

..............# ####...##....#...
##......####### #......##....#...
#......# ##.....##...##...
#).....# #.....##'####...
#......# #..........'....
#......# #..........#....
#......# #...)......#....
##......###########'#####..####+#
.#####..........@....#.##..#.....
.# #..........55...#.....#.....
.# #...............#.....#.....
.# #...............#.....#.....
.#####...............#.....#.....
#...............<....#######.....
+........(.......................
#................................
#................................


You could see 2 shadow imps.

Vanquished Creatures
  An iguana (D:4)
  Natasha (thrice) (D:3)
  Terence (D:3)
  5 adders
  A white imp (D:4)
  3 worms
  2 orcs
  8 ball pythons
  14 endoplasms
  7 giant cockroaches
  7 goblins
  6 hobgoblins
  2 jackals (D:1)
  5 quokkas
  10 bats
  2 frilled lizards
  14 kobolds
  7 rats
98 creatures vanquished.

Vanquished Creatures (others)
  3 plants (D:3)
3 creatures vanquished.

Grand Total: 101 creatures vanquished

Notes
Turn   | Place    | Note
-------+----------+-------------------------------------------
     0 | D:1      | Descartes the Felid Transmuter began the quest for the Orb.
     0 | D:1      | Reached XP level 1. HP: 9/9 MP: 4/4
   363 | D:1      | Reached XP level 2. HP: 7/12 MP: 4/6
   673 | D:1      | Found a faded altar of an unknown god.
   702 | D:1      | Reached skill level 3 in Dodging
   749 | D:1      | Reached skill level 1 in Stealth
  1212 | D:1      | Reached XP level 3. HP: 10/15 MP: 7/7
  1790 | D:2      | Found an ornate altar of the Wu Jian Council.
  2856 | D:2      | Reached XP level 4. HP: 18/19 MP: 6/8
  3857 | D:3      | Noticed Terence
  4414 | D:3      | Reached skill level 1 in Translocations
  4422 | D:3      | Reached XP level 5. HP: 19/22 MP: 9/9
  4548 | D:3      | Noticed Natasha
  4557 | D:3      | Killed Natasha
  4743 | D:3      | Noticed Natasha
  4790 | D:3      | Killed Natasha
  4964 | D:3      | Noticed Natasha
  5330 | D:3      | Killed Natasha
  5364 | D:3      | Killed Terence
  5881 | D:4      | Found an opulent altar of Gozag.
  5990 | D:4      | Reached skill level 4 in Dodging
  5990 | D:4      | Gained mutation: You are covered in thick fur. (AC +2)
                  | [Felid growth]
  5990 | D:4      | Reached XP level 6. HP: 18/27 MP: 11/11
  6139 | D:4      | Found a snail-covered altar of Cheibriados.
  6148 | D:4      | Found a stormy altar of Qazlal.
  6346 | D:4      | Learned a level 2 spell: Wereblood
  6350 | D:4      | Learned a level 3 spell: Gell's Gravitas
  6351 | D:5      | Entered Level 5 of the Dungeon
  6597 | D:4      | Killed from afar by a white imp
  6598 | D:4      | Reached XP level 5. HP: -1/23 MP: 10/10
  6807 | D:4      | Killed from afar by a shadow imp

Illustrated notes

Levels and vault maps discovered:
D:1:      minmay_arrival_solitary_statue, layout_loops_cross,
          hellmonk_ecumenical_altar_defaced_shrine
D:2:      minmay_recursive_quarters, layout_rooms, basic_altar
D:3:      minmay_razor_zed, layout_basic, corexii_item_surrounded_by_moat,
          chequers_big_river, nicolae_concentric_dashed_squares_wild,
          kennysheep_cross_bottleneck, uniq_natasha, uniq_terence
D:4:      layout_gridville, mainiacjoe_overflow_swirl,
          mainiacjoe_overflow_24_doors
D:5:      layout_rooms, lightli_temple_of_fire, minmay_temple_entry_crystal_x,
          serial_demonic, serial_demonic_a, serial_demonic_e, serial_demonic_g,
          serial_demonic_g, serial_shops, nicolae_stop_n_shop_2,
          guppyfry_shop_venom

Skill      XL: |  1  2  3  4  5 |
---------------+----------------+-----
Dodging        | 3 4 |  4.0
Stealth        | 1 2 3 |  3.2
Fighting       | 2 |  2.5
Transmutations | 3 |  3.3
Translocations | 1 2 |  2.1
Unarmed Combat | |  3.7
Spellcasting   | |  2.8

Action                   |  1- 3 |  4- 6 || total
-------------------------+-------+-------++-------
Melee: Unarmed           |   121 |   157 ||   278
       Headbutt          |    14 |    29 ||    43
       Bite              |     7 |    16 ||    23
       Punch             |     2 |     6 ||     8
 Cast: Beastly Appendage |    29 |    41 ||    70
 Stab: Sleeping          |     3 |     7 ||    10
Armor: Skin              |     8 |     2 ||    10
Dodge: Dodged            |    97 |    99 ||   196
